 Dungeon Crawl Stone Soup version 0.31.0-12-g77e489cdc1 (webtiles) character file.

Game seed: 16688674697715733554

4364 safid the Grappler (level 10, -13/69 HPs)
             Began as a White Draconian Shapeshifter on Mar 5, 2024.
             Was a Priest of Hepliaklqana.
             Mangled by Erica
             ... wielding a +4 scimitar of flaming
              (19 damage)
             ... on level 8 of the Dungeon.
             The game lasted 00:16:17 (8418 turns).

safid the Grappler (White Draconian Shapeshifter)   Turns: 8418, Time: 00:16:18

Health: -13/69     AC:  7    Str: 20    XL:     10   Next: 12%
Magic:  10/10      EV: 13    Int: 11    God:    Hepliaklqana [***...]
Gold:   583        SH:  7    Dex: 11    Spells: 9/9 levels left

rFire   . .          .
                       - Unarmed
rCold   + + .        e - +2 buckler
rNeg    . . .        (body armour unavailable)
rPois   .            (helmet currently unavailable)
rElec   .            (cloak currently unavailable)
rCorr   .            (gloves currently unavailable)
SInv    .            (boots currently unavailable)
Will    .....        (no amulet)
Stlth   +            k - +5 ring of evasion
HPRegen 0.31/turn    D - ring of protection from cold
MPRegen 0.12/turn

%: no passive effects
@: mighty, beast-form, slowed, constricted, very slow
A: beast (slay +4), reduced essence, breathe frost, AC +7, unfitting armour,
cold resistance 1, cold-blooded
a: Breathe Frost, Begin Untransformation, Renounce Religion, Recall Ancestor,
Ancestor Identity, Transference


You were on level 8 of the Dungeon.
You worshipped Hepliaklqana.
Hepliaklqana was most pleased with you.
You were a hulking beast.
You visited 2 branches of the dungeon, and saw 9 of its levels.
You also visited: Ossuary.

You collected 609 gold pieces.
You spent 26 gold pieces at shops.

Inventory:

Missiles
 E - 3 javelins (quivered)
 H - 2 curare-tipped darts
Armour
 e - a +2 buckler (worn)
Jewellery
 k - a +5 ring of evasion (left hand)
 q - a ring of magical power
 r - a ring of positive energy
 D - a ring of protection from cold (right hand)
Talismans
 b - a beast talisman
 c - a flux talisman
 d - a talisman of death
Wands
 x - a wand of iceblast (7)
 F - a wand of digging (10)
Scrolls
 g - a scroll of blinking {unknown}
 m - 2 scrolls of fog
 n - 2 scrolls of enchant armour
 s - a scroll of revelation {unknown}
 t - a scroll of torment {unknown}
 u - a scroll of enchant weapon {unknown}
 v - a scroll of poison {unknown}
 w - a scroll of amnesia {unknown}
 y - 5 scrolls of teleportation
 B - a scroll of acquirement {unknown}
Potions
 a - 2 potions of lignification
 f - 4 potions of might
 h - a potion of brilliance {unknown}
 i - a potion of haste {unknown}
 j - a potion of magic {unknown}
 l - 10 potions of curing
 o - a potion of ambrosia {unknown}
 p - a potion of resistance {unknown}
 z - 3 potions of degeneration {unknown}
 A - 2 potions of heal wounds
 C - a potion of mutation {unknown}


   Skills:
 + Level 3.0 Fighting
 - Level 2.0 Dodging
 - Level 6.0 Shields
 + Level 11.3 Unarmed Combat
 * Level 7.4 Shapeshifting


You had 9 spell levels left.
You didn't know any spells.
Your spell library contained the following spells:

 Spells                   Type           Power      Damage    Failure   Level
 Kiss of Death            Conj/Necr      0%         2d5       38%         1
 Necrotise                Necr           0%         1d4       38%         1
 Confusing Touch          Hex            0%         N/A       77%         3
 Vampiric Draining        Necr           0%         2d6       77%         3
 Dispel Undead            Necr           0%         3d6       99%         4
 Martyr's Knell           Necr/Summ      0%         N/A       99%         4
 Curse of Agony           Necr           0%         N/A       100%        5


Dungeon Overview and Level Annotations

Branches:
Dungeon (8/15)             Temple (1/1) D:4         Ossuary (visited)
   Lair: D:8-11

Altars:
Cheibriados
Elyvilon
Fedhas
Hepliaklqana
Kikubaaqudgha
Makhleb
Okawaru
Qazlal
Ru
Sif Muna
Uskayaw
Vehumet
Xom
Yredelemnul
Zin
The Shining One

Shops:
D:4 *   D:6 [

Annotations:
D:8 Erica


Innate Abilities, Weirdness & Mutations

You are a hulking beast.
Your limbs bulge with bestial killing power. (Slay +4)
Your life essence is reduced to manifest your ancestor. (-10% HP)
You can breathe waves of freezing cold which knock back foes.
Your icy white scales are hard. (AC +7)
You cannot fit into any form of body armour.
Your flesh is cold resistant. (rC+)
You are cold-blooded and may be slowed by cold attacks.


Message History

The bolt of poison hits you!
You are poisoned.
The bolt of poison hits Roisian.
Roisian completely resists.
You feel much better.
You feel very sick.
Erica stares at you and mumbles some strange words.
You resist with significant effort.
Erica hits you with a +4 scimitar of flaming.
Erica burns you. Erica misses you.
You feel very mighty all of a sudden.
You feel very sick. Erica barely misses you. Erica misses you.
Unknown command.
You punch Erica!
Erica is moderately wounded.
You feel sick.
Erica hits you with a +4 scimitar of flaming!
* * * LOW HITPOINT WARNING * * *
Erica burns you.
* * * LOW HITPOINT WARNING * * *
You block Erica's attack.
You feel better. Erica completely misses you. Erica closely misses you.
Erica misses you. You block Erica's attack. Erica blocks your attack.
Erica is moderately wounded.
Erica closely misses you. Erica grabs you. Erica constricts you.
* * * LOW HITPOINT WARNING * * *
Unknown command.
You feel much better.
Erica hits you with a +4 scimitar of flaming!
* * * LOW HITPOINT WARNING * * *
Erica burns you!
* * * LOW HITPOINT WARNING * * *
Erica constricts you.
* * * LOW HITPOINT WARNING * * *
Erica screams, "Hurry, death AWAITS you!"
Erica hits you with a +4 scimitar of flaming!!
You die...
Erica begins burbling mirthfully and uncontrollably.

##.# ##...#
#.## ##...##
##.###....#
#.##....##
#.)....##
##.....#
##....## ##
##....####..#
##....#.Rhx..#
##...######...#
###..### ..##
##..### ...#
##..## ...#
###..## ...#
#..###### ...#
........# ...#
........##


You could see the friendly Roisian the hexer and Erica (ally target,
reflecting).

Vanquished Creatures
  Pikel (D:6)
  A hornet (D:8)
  2 steam dragons
  Eustachio (D:4)
  A water moccasin (D:8)
  Pargi (D:4)
  An orc warrior (D:8)
  A sky beast (D:7)
  A black bear (D:7)
  2 ogres
  A phantom (D:6)
  A kobold brigand (D:8)
  A bullfrog (D:8)
  3 scorpions
  A necrophage (D:4)
  4 wights
  6 killer bees (D:8)
  3 howler monkeys
  A bombardier beetle (D:5)
  3 hounds
  A jelly (D:7)
  3 centaur skeletons (Ossuary)
  2 orc priests (D:8)
  A spectral scorpion (Ossuary)
  2 sleepcaps (D:5)
  6 iguanas
  A crocodile zombie (Ossuary)
  A hound skeleton (D:4)
  11 mummies (Ossuary)
  5 adders
  A dart slug (D:4)
  5 ribbon worms
  15 orcs
  2 endoplasms
  14 giant cockroaches
  8 goblins
  A hobgoblin (D:4)
  8 jackals
  11 kobolds
  6 quokkas
  2 ball pythons
  5 bats
  4 frilled lizards
  A gnoll skeleton (Ossuary)
  3 kobold skeletons (Ossuary)
  A quokka zombie (D:6)
  4 rats
  10 spectral rats (Ossuary)
170 creatures vanquished.

Vanquished Creatures (collateral kills)
  Menkaure (D:7)
  Duvessa (D:7)
  A black bear (D:5)
  An ogre (D:6)
  3 lemures (D:6)
  2 wights (D:8)
  Dowan (D:7)
  A killer bee (D:8)
  A howler monkey (D:7)
  An orc priest (D:8)
  A hound (D:7)
  An iguana (D:7)
  An orc wizard (D:7)
  An ogre skeleton (Ossuary)
  3 orcs
  A goblin zombie (D:6)
21 creatures vanquished.

Vanquished Creatures (others)
  A bullfrog (D:8)
  3 hexers
4 creatures vanquished.

Grand Total: 195 creatures vanquished

Notes
Turn   | Place    | Note
-------+----------+-------------------------------------------
     0 | D:1      | safid the Draconian Shapeshifter began the quest for the
                  | Orb.
     0 | D:1      | Reached XP level 1. HP: 16/16 MP: 1/1
   500 | D:1      | Found a faded altar of an unknown god.
   572 | D:1      | Reached XP level 2. HP: 23/23 MP: 2/2
  1219 | D:2      | Reached XP level 3. HP: 24/28 MP: 3/3
  1677 | D:2      | Reached skill level 1 in Shields
  2253 | D:3      | Reached XP level 4. HP: 34/35 MP: 4/4
  2908 | D:4      | Found a burning altar of Makhleb.
  2909 | D:4      | Noticed a necrophage
  2921 | D:4      | Killed a necrophage
  2922 | D:4      | Reached skill level 4 in Unarmed Combat
  2922 | D:4      | Reached XP level 5. HP: 40/40 MP: 5/5
  2979 | D:4      | Found Soywn's General Store.
  2980 | D:4      | Found Daew's Specific Store.
  2995 | D:4      | Bought a scroll of identify for 26 gold pieces
  3070 | D:4      | Found a staircase to the Ecumenical Temple.
  3136 | Temple   | Entered the Ecumenical Temple
  3141 | Temple   | Became a worshipper of Hepliaklqana the Forgotten
  3179 | D:4      | Noticed Pargi
  3194 | D:4      | Killed Pargi
  3195 | D:4      | Reached XP level 6. HP: 29/47 MP: 6/6
  3411 | D:4      | Noticed Eustachio
  3421 | D:4      | Killed Eustachio
  3422 | D:4      | Reached skill level 5 in Unarmed Combat
  3805 | D:5      | Entered Level 5 of the Dungeon
  3805 | D:5      | Reached * piety under Hepliaklqana
  3959 | D:5      | Your scales start taking on an icy white colour.
  3959 | D:5      | Reached XP level 7. HP: 46/46 MP: 7/7
  3959 | D:5      | Gained mutation: Your flesh is cold resistant. (rC+) [White
                  | Draconian growth]
  4062 | D:5      | Reached skill level 6 in Unarmed Combat
  4062 | D:5      | Reached skill level 5 in Shapeshifting
  4842 | D:6      | Reached XP level 8. HP: 42/54 MP: 8/8
  4857 | D:6      | Reached skill level 7 in Unarmed Combat
  4907 | D:6      | Found a sand-covered staircase.
  4925 | Ossuary  | Entered an ossuary
  5313 | Ossuary  | Reached skill level 8 in Unarmed Combat
  5457 | D:6      | Found Vikappyk's Antique Armour Shoppe.
  5583 | D:6      | Found a radiant altar of Vehumet.
  5703 | D:6      | Found a white marble altar of Elyvilon.
  5707 | D:6      | Reached ** piety under Hepliaklqana
  5715 | D:6      | Remembered your ancestor Roisian as a hexer
  5815 | D:6      | Noticed Pikel
  5836 | D:6      | Killed Pikel
  5837 | D:6      | Reached skill level 5 in Shields
  5837 | D:6      | Reached skill level 9 in Unarmed Combat
  5837 | D:6      | Reached XP level 9. HP: 44/61 MP: 9/9
  6284 | D:7      | Noticed Duvessa
  6284 | D:7      | Noticed Dowan
  6288 | D:7      | Killed Duvessa
  6293 | D:7      | Killed Dowan
  6564 | D:7      | Noticed Menkaure
  6568 | D:7      | Killed Menkaure
  6569 | D:7      | Reached skill level 10 in Unarmed Combat
  6854 | D:7      | Found a shimmering altar of Xom.
  7544 | D:8      | Reached *** piety under Hepliaklqana
  8041 | D:8      | Reached XP level 10. HP: 67/67 MP: 10/10
  8143 | D:8      | Reached skill level 11 in Unarmed Combat
  8302 | D:8      | Identified the +8 war axe of the Depths {spect, Int+6
                  | Dex+3}
  8405 | D:8      | Noticed Erica
  8418 | D:8      | Mangled by Erica

Illustrated notes

Levels and vault maps discovered:
D:1:      dpeg_arrival_radiant, layout_basic,
          shapermc_ecumenical_altar_acropolis
D:2:      minmay_roachtagon, layout_basic
D:3:      layout_loops_corners
D:4:      layout_loops_ring, makhleb_blood_cavern_becter, temple_doors_e,
          nicolae_specific_store, uniq_pargi, uniq_eustachio
D:5:      layout_loops_ring, kennysheep_cross_bottleneck, eino_tiny_chamber,
          dk_vineyard_1, moated_statue, uniq_crazy_yiuf_cottage
D:6:      layout_gridville, mainiacjoe_overflow_cross_hatched,
          mainiacjoe_overflow_24_doors, serial_shops, shop, enter_ossuary_4,
          minmay_fractal_squares_5, uniq_pikel
D:7:      layout_cave_pods, mainiacjoe_overflow_tiny_flanked, uniq_duvessa,
          uniq_menkaure
D:8:      layout_cave_pods, uniq_erica
Temple:   nicolae_temple_ecumenical_triangle

Skill      XL: |  1  2  3  4  5  6  7  8  9 10 |
---------------+-------------------------------+-----
Shields        | 1 2 3 4 5 6 |  6.0
Dodging        | 2 |  2.0
Shapeshifting  | 4 5 6 7 |  7.4
Unarmed Combat | 4 5 6 9 10 11 | 11.3
Fighting       | 2 3 |  3.0

Action                     |  1- 3 |  4- 6 |  7- 9 | 10-12 || total
---------------------------+-------+-------+-------+-------++-------
  Melee: Unarmed           |   140 |   126 |   292 |    33 ||   591
         Tailslap          |    11 |     8 |    49 |     3 ||    71
 Invoke: Ancestor Identity |       |     1 |     1 |       ||     2
         Ancestor Life: He |       |       |     1 |       ||     1
    Use: Scroll            |       |       |    10 |       ||    10
         Potion            |       |       |     1 |     4 ||     5
   Stab: Sleeping          |       |       |     2 |       ||     2
         Distracted        |       |       |     2 |       ||     2
         Confused          |       |       |     2 |       ||     2
 Armour: Skin              |    51 |    44 |    88 |    14 ||   197
  Dodge: Dodged            |   105 |    73 |   132 |    31 ||   341
  Block: Buckler           |    34 |    34 |    72 |    16 ||   156
